 Dungeon Crawl Stone Soup version 0.18-a0-846-g91b95b1 (webtiles) character file.

1805 upgrayedd the Protected (level 8, 0/64 HPs)
             Began as a Minotaur Fighter on Dec 21, 2015.
             Was a Follower of Okawaru.
             Slain by an orc warrior
             ... wielding a +0 battleaxe
              (12 damage)
             ... on level 6 of the Dungeon.
             The game lasted 00:17:29 (4978 turns).

upgrayedd the Protected (Minotaur Fighter)          Turns: 4978, Time: 00:17:29

Health: 0/64       AC: 15    Str: 22    XL:     8   Next: 84%
Magic:  7/7        EV:  7    Int:  5    God:    Okawaru [*.....]
Gold:   300        SH: 12    Dex: 11    Spells: 0 memorised, 7 levels left

rFire  . . .     SeeInvis .     a - +2 flail
rCold  + . .     Gourm    .     t - +0 chain mail
rNeg   . . .     Faith    .     c - +0 shield
rPois  .         Spirit   .     (helmet restricted)
rElec  .         Dismiss  .     p - +0 cloak
rCorr  .         Reflect  .     (no gloves)
SustAt .         Harm     .     (no boots)
MR     .....                    (no amulet)
Stlth  ..........               q - +2 ring of protection
                                j - ring of protection from cold

@: not resistant to hostile enchantments, extremely unstealthy
A: retaliatory headbutt, horns 2
a: Heroism, Renounce Religion


You were on level 6 of the Dungeon.
You worshipped Okawaru.
Okawaru was aware of your devotion.
You were not hungry.

You visited 2 branches of the dungeon, and saw 7 of its levels.

You collected 300 gold pieces.

Inventory:

Hand Weapons
 a - a +2 flail (weapon)
 g - a +2 vampiric whip
 y - a +0 trident of flaming
 A - a +0 dire flail
Missiles
 v - 5 tomahawks (quivered)
Armour
 c - a +0 shield (worn)
 p - a +0 cloak (worn)
 t - a +0 chain mail (worn)
Jewellery
 j - a ring of protection from cold (left hand)
 q - a +2 ring of protection (right hand)
Scrolls
 e - a scroll of amnesia
 m - 2 scrolls of fog
 w - a scroll of teleportation
 C - 2 scrolls of recharging
Potions
 b - 2 potions of agility
 d - a potion of might
 k - a potion of cancellation
 n - a potion of magic
 o - a potion of cure mutation
 r - a potion of curing
 u - 2 potions of flight
 z - a potion of poison {unknown}
Books
 s - a book of Unlife

   Spells                             Type                      Level
   a - Recall                         Summoning/Translocation      3
   b - Animate Dead                   Necromancy                   4
   c - Control Undead                 Necromancy                   4
   d - Cigotuvi's Embrace             Necromancy                   5
   e - Death Channel                  Necromancy                   6
   f - Simulacrum                     Ice/Necromancy               6
 B - Vehumet's Compendium of Conjuration
   (You found it on level 5 of the Dungeon)

   Spells                             Type                      Level
   a - Magic Dart                     Conjuration                  1
   b - Sting                          Conjuration/Poison           1
   c - Flame Tongue                   Conjuration/Fire             1
   d - Mephitic Cloud                 Conjuration/Poison/Air       3
   e - Lightning Bolt                 Conjuration/Air              5
   f - Fireball                       Conjuration/Fire             5
Comestibles
 f - 3 bread rations
 h - 3 beef jerkies
 i - 3 meat rations
 x - a slice of pizza


   Skills:
 - Level 3.6 Fighting
 - Level 2.4 Maces & Flails
 + Level 10.4 Armour
 + Level 10.2 Shields


You had 7 spell levels left.
You didn't know any spells.

Dungeon Overview and Level Annotations

Branches:
Dungeon (6/15)             Temple (1/1) D:5

Altars:
Ashenzari
Dithmenos
Fedhas
Kikubaaqudgha
Nemelex Xobeh
Okawaru
Qazlal
Ru
Sif Muna
Trog
Vehumet
Zin


Innate Abilities, Weirdness & Mutations

You reflexively headbutt those who attack you in melee.
You have a pair of horns on your head.


Message History

You headbutt the orc warrior, but do no damage.
The orc moves out of view.
You completely miss the orc warrior.
The orc warrior is heavily wounded.
The orc warrior barely misses you.
You thump the orc warrior!
You headbutt the orc warrior, but do no damage.
The orc warrior is almost dead.
The orc warrior hits you but does no damage.
You closely miss the orc warrior.
The orc warrior is almost dead.
You block the orc warrior's attack.
The phantom blinks!
You closely miss the orc warrior.
The orc warrior is almost dead.
The orc warrior closely misses you. You furiously retaliate!
You headbutt the orc warrior, but do no damage.
You closely miss the orc warrior.
The orc warrior is almost dead.
The orc warrior hits you with a battleaxe!
You die...

......### .........
.......# #.....# .....#
#...# # #...#
##############..o#######
'..........)...o@.......
####.......W............
# #....................
#....................
#........#####....[..
#........# .......
#........# .......
#...(....# .......
#........# ....$


You could see a phantom, an orc warrior and an orc.

Vanquished Creatures
  Grinder (D:4)
  The ghost of zkyp the Twirler, an amateur KoAM (D:4)
  Edmund (D:5)
  2 sky beasts (D:5)
  3 ogres (D:4)
  2 centaurs (D:5)
  A quasit (D:5)
  A hound (D:5)
  2 crimson imps (D:5)
  3 orc priests
  A giant frog skeleton (D:5)
  A centaur skeleton (D:4)
  A centaur zombie (D:5)
  7 orc wizards
  2 worker ants
  A hound skeleton (D:5)
  7 adders
  A shadow imp (D:6)
  An ooze (D:3)
  7 worms
  A giant gecko (D:2)
  14 orcs
  5 bats
  5 goblins
  9 hobgoblins
  A quokka (D:3)
  A ball python (D:5)
  4 giant cockroaches
  A giant gecko skeleton (D:4)
  2 giant newts
  5 jackals
  10 kobolds
  5 rats
109 creatures vanquished.

Notes
Turn   | Place    | Note
--------------------------------------------------------------
     0 | D:1      | upgrayedd the Minotaur Fighter began the quest for the Orb.
     0 | D:1      | Reached XP level 1. HP: 19/19 MP: 0/0
   300 | D:1      | Reached skill level 4 in Armour
   305 | D:1      | Reached XP level 2. HP: 26/26 MP: 1/1
   875 | D:2      | Reached XP level 3. HP: 23/31 MP: 2/2
   945 | D:2      | Found a shadowy altar of Dithmenos.
  1304 | D:2      | Found a radiant altar of Vehumet.
  1451 | D:2      | Reached skill level 5 in Armour
  1735 | D:3      | Reached XP level 4. HP: 39/39 MP: 3/3
  2095 | D:3      | Reached skill level 5 in Shields
  2439 | D:4      | Noticed zkyp's ghost (amateur KoAM)
  2463 | D:4      | Killed zkyp's ghost
  2463 | D:4      | Reached skill level 6 in Armour
  2463 | D:4      | Reached XP level 5. HP: 30/45 MP: 4/4
  2465 | D:4      | Reached XP level 6. HP: 30/51 MP: 5/5
  2620 | D:4      | Reached skill level 7 in Armour
  2954 | D:4      | Found an ancient bone altar of Kikubaaqudgha.
  2962 | D:4      | Reached XP level 7. HP: 11/57 MP: 6/6
  3261 | D:4      | Noticed Grinder
  3277 | D:4      | Paralysed by Grinder for 5 turns
  3297 | D:4      | Paralysed by Grinder for 7 turns
  3304 | D:4      | Killed Grinder
  3304 | D:4      | Reached skill level 8 in Armour
  3666 | D:5      | Entered Level 5 of the Dungeon
  3685 | D:5      | Found a shattered altar of Ashenzari.
  3768 | D:5      | Found a staircase to the Ecumenical Temple.
  3835 | Temple   | Entered the Ecumenical Temple
  3854 | Temple   | Became a worshipper of Warmaster Okawaru
  3915 | D:5      | Reached XP level 8. HP: 61/64 MP: 7/7
  3939 | D:5      | Noticed Edmund
  3950 | D:5      | Killed Edmund
  3950 | D:5      | Reached skill level 9 in Armour
  4282 | D:5      | Reached * piety under Okawaru
  4282 | D:5      | Reached skill level 10 in Armour
  4406 | D:5      | Identified Vehumet's Compendium of Conjuration
  4566 | D:5      | Reached skill level 10 in Shields
  4978 | D:6      | Slain by an orc warrior

Vault maps used:
D:1:      tarquinn_simple_flora_water_a, dk_noncrumbling_4, minmay_box_of_dots
D:2:      minmay_door_path, nicolae_dithmenos_through_a_glass_darkly,
          vehumet_crystals, first_bread
D:4:      lemuel_doored_altar, uniq_grinder
D:5:      minmay_temple_entry_overgrown, kennysheep_decorative_pillar,
          ashenzari_altar_1, uniq_edmund
D:6:      johnstein_pakellas_dig, lemuel_round_altar
Temple:   temple_eino_lava_12

Action                   |  1- 3 |  4- 6 |  7- 9 || total
-------------------------+-------+-------+-------++-------
Melee: Flail             |   115 |    72 |   195 ||   382
  Use: Scroll            |     8 |     7 |     2 ||    17
       Potion            |       |     3 |     1 ||     4
  Eat: Chunk             |     3 |     3 |     5 ||    11
       Fruit             |       |       |     3 ||     3
